 Dungeon Crawl Stone Soup version 0.30-a0-862-g1aabd4f9c5 (webtiles) character file.

Game seed: 17879427483426780831

1097 Dittersdorf the Trooper (level 8, -2/51 HPs)
             Began as a Gargoyle Fighter on Mar 8, 2023.
             Slain by a gnoll
             ... wielding a +0 spear
              (8 damage)
             ... on level 5 of the Dungeon.
             The game lasted 00:07:01 (3319 turns).

Dittersdorf the Trooper (Gargoyle Fighter)          Turns: 3319, Time: 00:07:02

Health: -2/51      AC: 19    Str: 23    XL:     8   Next: 31%
Magic:  8/8        EV:  6    Int:  8    God:
Gold:   246        SH:  9    Dex:  9    Spells: 7/7 levels left

rFire   . . .      SeeInvis +    a - +0 flail
rCold   . . .      Faith    .    v - +0 kite shield
rNeg    + . .      Spirit   .    f - +0 chain mail
rPois   ∞          Reflect  .    h - +0 helmet
rElec   +          Rampage  .    m - +0 cloak
rCorr   .                        (no gloves)
Will    .....                    e - +0 pair of boots Stlth
                                 (no amulet)
HPRegen 0.28/turn                r - ring of see invisible
MPRegen 0.11/turn                (no ring)

@: no status effects
A: sickness immunity, AC +5, negative energy resistance 1, electricity
resistance, torment resistance 1, petrification resistance
a: no special abilities


You were on level 5 of the Dungeon.
You visited 2 branches of the dungeon, and saw 6 of its levels.

You collected 246 gold pieces.

Inventory:

Hand Weapons
 a - a +0 flail (weapon)
Missiles
 n - a throwing net
 o - 4 poisoned darts (quivered)
Armour
 e - a +0 pair of boots (worn)
 f - a +0 chain mail (worn)
 h - a +0 helmet (worn)
 m - a +0 cloak (worn)
 v - a +0 kite shield (worn)
Jewellery
 r - a ring of see invisible (left hand)
Wands
 c - a wand of flame (17)
 x - a wand of digging (9)
Scrolls
 g - a scroll of noise {unknown}
 i - a scroll of enchant armour {unknown}
 j - a scroll of amnesia {unknown}
 k - a scroll of poison
 q - a scroll of brand weapon {unknown}
 u - 3 scrolls of teleportation
Potions
 b - 4 potions of curing
 d - 2 potions of might
 l - 2 potions of attraction {unknown}
 p - a potion of flight {unknown}
 s - 2 potions of ambrosia {unknown}
 t - a potion of mutation {unknown}
 w - a potion of invisibility


   Skills:
 + Level 6.2 Fighting
 + Level 5.1 Maces & Flails
 + Level 6.1 Armour
 + Level 6.1 Shields


You had 7 spell levels left.
You didn't know any spells.
Your spell library contained the following spells:

 Spells                   Type           Power      Damage    Failure   Level
 Portal Projectile        Hex/Tloc       0%         N/A       100%        3
 Tukima's Dance           Hex            0%         N/A       100%        3
 Passage of Golubria      Tloc           0%         N/A       100%        4
 Blade Hands              Tmut           0%         N/A       100%        5
 Yara's Violent Unravell  Hex/Tmut       0%         3d3       100%        5


Dungeon Overview and Level Annotations

Branches:
Dungeon (5/15)             Temple (1/1) D:4

Altars:
Ashenzari
Cheibriados
Dithmenos
Elyvilon
Hepliaklqana
Kikubaaqudgha
Makhleb
Nemelex Xobeh
Qazlal
Ru
Sif Muna
Uskayaw
Vehumet
Yredelemnul
Zin
The Shining One

Shops:
D:3 =


Innate Abilities, Weirdness & Mutations

You are immune to sickness and miasma.
Your stone body is resilient. (AC +5)
You are immune to poison.
You resist negative energy. (rN+)
You are resistant to electric shocks. (rElec)
You are resistant to unholy torment.
You are immune to petrification.


Message History

You are too injured to fight recklessly!
You are too injured to fight recklessly!
You are too injured to fight recklessly!
You are too injured to fight recklessly!
You are too injured to fight recklessly!
You are too injured to fight recklessly!
You are too injured to fight recklessly!
You are too injured to fight recklessly!
You barely miss the scorpion. You block the gnoll's attack.
The gnoll hits you with a +0 rapier. You block the scorpion's attack.
The gnoll hits you but does no damage. x2
You barely miss the scorpion.
The scorpion stings you but does no damage.
You block the gnoll's attack. The scorpion barely misses you.
You block the gnoll's attack.
You barely miss the scorpion.
The scorpion stings you but does no damage.
You block the gnoll's attack. The gnoll hits you but does no damage.
You sock the scorpion!
The scorpion is severely wounded.
The scorpion stings you. You block the gnoll's attack.
The gnoll hits you but does no damage.
The scorpion stings you but does no damage.
You barely miss the scorpion.
The scorpion is severely wounded.
The gnoll hits you from afar with a +0 spear.
The gnoll hits you but does no damage. You block the scorpion's attack.
The gnoll barely misses you. x2
You closely miss the gnoll. The scorpion stings you.
* * * LOW HITPOINT WARNING * * *
The gnoll barely misses you. You block the scorpion's attack.
You block the gnoll's attack.
You barely miss the gnoll. The scorpion barely misses you.
The gnoll hits you from afar with a +0 spear!
* * * LOW HITPOINT WARNING * * *
The gnoll completely misses you. You block the scorpion's attack.
You hit the gnoll.
The gnoll is moderately wounded.
The gnoll hits you from afar with a +0 spear!
You die...

#.........<#
##..# #.)..
##........##
##..## #....
##......##
##..## #....
########
##..## #####
###..##
#...##
##.### #..#
#@##
#....gsg#
#.....###
...... #....
..... ##.#
..


You could see a scorpion and 2 gnolls.

Vanquished Creatures
  Sigmund (D:4)
  A water moccasin (D:5)
  A black bear (D:4)
  An ice beast (D:5)
  An ogre (D:4)
  A phantom (D:4)
  2 scorpions
  An orc priest (D:4)
  A hound (D:4)
  Jessica (D:3)
  Natasha (thrice) (D:3)
  An iguana (D:4)
  Terence (D:2)
  Ijyb (D:3)
  5 gnolls
  4 adders
  2 worms
  5 orcs
  6 ball pythons
  10 endoplasms
  6 giant cockroaches
  4 hobgoblins
  2 jackals (D:1)
  3 quokkas
  4 bats
  2 frilled lizards (D:2)
  7 goblins
  7 kobolds
  2 rats
86 creatures vanquished.

Notes
Turn   | Place    | Note
-------+----------+-------------------------------------------
     0 | D:1      | Dittersdorf the Gargoyle Fighter began the quest for the
                  | Orb.
     0 | D:1      | Reached XP level 1. HP: 14/14 MP: 1/1
   117 | D:1      | Found a faded altar of an unknown god.
   148 | D:1      | Reached XP level 2. HP: 19/19 MP: 2/2
   537 | D:2      | Reached XP level 3. HP: 18/23 MP: 3/3
   555 | D:2      | Noticed Terence
   581 | D:2      | Killed Terence
   622 | D:2      | Reached XP level 4. HP: 29/29 MP: 4/4
  1223 | D:3      | Noticed Ijyb
  1223 | D:3      | Paralysed by Ijyb for 3 turns
  1247 | D:3      | Killed Ijyb
  1275 | D:3      | Reached XP level 5. HP: 33/33 MP: 5/5
  1281 | D:3      | Noticed Jessica
  1290 | D:3      | Killed Jessica
  1320 | D:3      | Noticed Natasha
  1327 | D:3      | Killed Natasha
  1398 | D:3      | Noticed Natasha
  1398 | D:3      | You fall into a shaft and drop 2 floors!
  1398 | D:5      | Entered Level 5 of the Dungeon
  1436 | D:5      | Found a hide-covered altar of Uskayaw.
  1450 | D:5      | Reached XP level 6. HP: 33/39 MP: 6/6
  1585 | D:4      | Found a shadowy altar of Dithmenos.
  1630 | D:4      | Noticed Sigmund
  1633 | D:4      | Noticed a black bear
  1898 | D:3      | Killed Natasha
  1967 | D:3      | Found Vosaedghie's One-of-a-Kind Rings.
  2118 | D:3      | Noticed Natasha
  2123 | D:3      | Killed Natasha
  2124 | D:3      | Reached skill level 5 in Fighting
  2221 | D:4      | Reached skill level 5 in Armour
  2225 | D:4      | Reached skill level 5 in Shields
  2229 | D:4      | Reached XP level 7. HP: 44/44 MP: 7/7
  2383 | D:4      | Killed Sigmund
  2677 | D:4      | Found a staircase to the Ecumenical Temple.
  2795 | Temple   | Entered the Ecumenical Temple
  3127 | D:4      | Reached XP level 8. HP: 45/51 MP: 8/8
  3185 | D:5      | Found a glowing silver altar of Zin.
  3306 | D:5      | Reached skill level 5 in Maces & Flails
  3319 | D:5      | Slain by a gnoll

Illustrated notes

Levels and vault maps discovered:
D:1:      psy_arrival_spokes, layout_rooms, hellmonk_ecumenical_altar_run_dry
D:2:      layout_rooms, serial_rivers, chequers_serial_rivers_small_3,
          chequers_serial_rivers_micro_c, chequers_serial_rivers_room_a,
          chequers_serial_rivers_micro_d, uniq_terence
D:3:      layout_basic, serial_rivers, chequers_serial_rivers_large_a,
          chequers_serial_rivers_marsh, chequers_serial_rivers_micro_d,
          chequers_serial_rivers_micro_e, chequers_serial_rivers_small_3,
          chequers_serial_rivers_room_b, nicolae_shop_unique_rings,
          dreamdust_princess_corridor, moated_statue,
          chequers_serial_rivers_micro_d, uniq_jessica, uniq_ijyb, uniq_natasha
D:4:      layout_rooms, nicolae_dithmenos_shadow_blocks, temple_hall,
          uniq_sigmund
D:5:      layout_rooms, nicolae_uskayaw_dance_hall, okawaru_gym_becter,
          nicolae_overflow_crystal_walls
Temple:   nicolae_temple_bog_church

Skill      XL: |  1  2  3  4  5  6  7  8 |
---------------+-------------------------+-----
Fighting       | 4 5 6 |  6.2
Armour         | 4 5 6 |  6.1
Maces & Flails | 3 4 5 |  5.1
Shields        | 4 5 6 |  6.1

Action                     |  1- 3 |  4- 6 |  7- 9 || total
---------------------------+-------+-------+-------++-------
  Melee: Flail             |    86 |   192 |    96 ||   374
  Throw: Dart              |       |     1 |     4 ||     5
    Use: Scroll            |       |       |     4 ||     4
 Armour: Scale mail        |    44 |       |       ||    44
         Chain mail        |    25 |   142 |    89 ||   256
  Dodge: Dodged            |    48 |    58 |    45 ||   151
  Block: Buckler           |    21 |    25 |       ||    46
         Kite shield       |       |    52 |    65 ||   117

Table legend: (Time is in decaauts)
 A = Elapsed time spent in this place.
 B = Non-inter-level travel time spent in this place.
 C = Inter-level travel time spent in this place.
 D = Time resting spent in this place.
 E = Time spent auto-exploring this place.
 F = Levels seen in this place.
 G = Mean time per level.
                   A        B        C        D        E       F      G
               +--------+--------+--------+--------+--------+-----+--------+
         Total |   3487 |   3213 |    274 |    105 |   2186 |   6 |  581.2 |
       Dungeon |   3304 |   3043 |    261 |    105 |   2026 |   5 |  660.8 |
        Temple |    183 |    170 |     13 |      0 |    159 |   1 |  183.0 |
               +--------+--------+--------+--------+--------+-----+--------+

Top non-repeatable levels by time:
     D:3: 1089 daAuts
     D:4: 834 daAuts
     D:2: 574 daAuts
     D:1: 502 daAuts
     D:5: 302 daAuts
  Temple: 183 daAuts
